 Dungeon Crawl Stone Soup version 0.31.0-11-ge490571c62 (webtiles) character file.

Game seed: 6004644776327698837

956 Gadfly the Ruffian (level 7, -3/68 HPs)
             Began as a Troll Monk on Jan 27, 2024.
             Was an Initiate of Ru.
             Slain by a gnoll
             ... wielding a +0 spear
             ... led by a gnoll bouda
              (5 damage)
             ... on level 5 of the Dungeon.
             The game lasted 00:07:00 (3935 turns).

Gadfly the Ruffian (Troll Monk)                     Turns: 3935, Time: 00:07:00

Health: -3/68      AC:  5    Str: 28    XL:     7   Next: 91%
Magic:  0/6        EV: 10    Int:  6    God:    Ru [......]
Gold:   71         SH:  0    Dex: 12    Spells: 4/6 levels left

rFire   . .          .
                       - Unarmed
rCold   . . .        c - orb {light}
rNeg    . . .        a - +1 robe
rPois   .            (helmet restricted)
rElec   .            f - scarf {repulsion}
rCorr   +            (gloves unavailable)
SInv    .            (boots unavailable)
Will    .....        k - amulet of guardian spirit Stlth
                     e - ring of the Frog {+Blink rCorr Slay+6}
HPRegen 1.11/turn    p - +6 ring of strength
MPRegen 0.10/turn

%: repel missiles, guardian spirit
@: glowing
A: large, unfitting armour, claws 3, regeneration 1, shaggy fur 1, tough skin 1,
no stealth
a: Renounce Religion, Evoke Blink


You were on level 5 of the Dungeon.
You worshipped Ru.
Ru was noncommittal.
You visited 2 branches of the dungeon, and saw 6 of its levels.

You collected 242 gold pieces.
You spent 171 gold pieces at shops.

Inventory:

Hand Weapons
 b - a +4 trident of freezing
 i - a +2 hand axe of flaming
Armour
 a - a +1 robe (worn)
 c - an orb of light (worn)
 f - a scarf of repulsion (worn)
Jewellery
 e - the ring of the Frog (left claw) {+Blink rCorr Slay+6}
   (You acquired it on level 2 of the Dungeon)

   [ring of resist corrosion]

   Slay+6:    It affects your accuracy & damage with ranged weapons and melee
   (+6).
   +Blink:    It lets you blink.
   rCorr:     It protects you from acid and corrosion.
 k - an amulet of guardian spirit (around neck)
 n - a +6 ring of dexterity
 p - a +6 ring of strength (right claw)
Talismans
 g - a flux talisman
Wands
 h - a wand of flame (28) (quivered)
 q - a wand of roots (22)
Scrolls
 j - 3 scrolls of teleportation
 m - a scroll of fog
 o - a scroll of poison
 t - a scroll of vulnerability
Potions
 d - a potion of enlightenment
 l - a potion of berserk rage
 r - a potion of curing
 s - a potion of haste


   Skills:
 + Level 3.8 Fighting
 + Level 3.7 Dodging
 + Level 4.5 Unarmed Combat
 * Level 3.6 Evocations
 + Level 3.7 Shapeshifting


You had 4 spell levels left.
You knew the following spells:

 Your Spells              Type           Power      Damage    Failure   Level
a - Blink                 Tloc           0%         N/A       58%         2

Your spell library contained the following spells:

 Spells                   Type           Power      Damage    Failure   Level
 Necrotise                Necr           0%         1d4       45%         1
 Sting                    Conj/Alch      0%         1d3       45%         1
 Call Imp                 Summ           0%         N/A       58%         2
 Lesser Beckoning         Tloc           0%         N/A       58%         2
 Mercury Vapours          Alch/Air       0%         N/A       58%         2
 Momentum Strike          Conj/Tloc      0%         3d8       58%         2
 Sublimation of Blood     Necr           0%         N/A       58%         2
 Vampiric Draining        Necr           0%         2d6       83%         3
 Martyr's Knell           Necr/Summ      0%         N/A       99%         4
 Olgreb's Toxic Radiance  Alch           0%         N/A       99%         4
 Curse of Agony           Necr           0%         N/A       100%        5
 Summon Hydra             Summ           0%         N/A       100%        7


Dungeon Overview and Level Annotations

Branches:
Dungeon (5/15)             Temple (1/1) D:4

Altars:
Ashenzari
Cheibriados
Dithmenos
Elyvilon
Fedhas
Gozag
Kikubaaqudgha
Nemelex Xobeh
Okawaru
Ru
Sif Muna
Trog
Uskayaw
Vehumet
Wu Jian
Xom
Yredelemnul
Zin
The Shining One

Shops:
D:5 **


Innate Abilities, Weirdness & Mutations

You are too large for most types of armour.
You have claws for hands.
Your natural rate of healing is unusually fast.
You are covered in fur. (AC +1)
You have tough skin. (AC +1)
You cannot be stealthy.


Message History

You claw the gnoll!
The gnoll is severely wounded.
The gnoll hits you from afar with a +0 halberd!
The gnoll closely misses you.
The gnoll hits you from afar with a +0 spear.
You claw the gnoll!
You kill the gnoll!
The gnoll barely misses you. The gnoll hits you but does no damage.
The gnoll hits you with a +0 halberd.
The gnoll hits you from afar with a +0 spear.
You see here a +0 halberd.
You claw the gnoll!
You kill the gnoll!
The gnoll closely misses you.
The gnoll hits you from afar with a +0 halberd!
The gnoll closely misses you.
You claw the gnoll bouda!
The gnoll bouda is almost dead.
The gnoll bouda gazes fiercely through you!
You feel your attacks grow feeble.
The gnoll bouda hits you with a +0 whip!
The gnoll hits you from afar with a +0 halberd!
The gnoll hits you with a +0 spear.
You claw the gnoll bouda!
You kill the gnoll bouda!
The gnoll hits you from afar with a +0 halberd.
* * * LOW HITPOINT WARNING * * *
The gnoll hits you with a +0 spear!
* * * LOW HITPOINT WARNING * * *
Unknown command.
The gnoll hits you from afar with a +0 spear.
* * * LOW HITPOINT WARNING * * *
The gnoll hits you from afar with a +0 halberd.
* * * LOW HITPOINT WARNING * * *
The gnoll attacks as it pursues you! The gnoll barely misses you.
Your attacks no longer feel as feeble.
The gnoll hits you from afar with a +0 halberd!
* * * LOW HITPOINT WARNING * * *
The gnoll hits you from afar with a +0 spear.
You die...

#..##..###.######.............
.....##..............)....[..#
####.#####......#.#.).).....## #
#...........##.#..#.....## #
########..........#######
#########.....###....#
............#.###gg.#####
######.........##.......########
..........###...@).####.........
####...#### #.##....###.g.......
###.### #.###...............
#...# #.##....###.........
##.### #.##....# ##########
...### #..#....# .....#
##......# ####.###### ###...###
# #......###.....#


You could see 2 gnolls.

Vanquished Creatures
  Prince Ribbit (D:5)
  A black bear (D:5)
  An ogre (D:5)
  A centaur (D:5)
  2 scorpions (D:5)
  A bombardier beetle (D:5)
  A hound (D:4)
  A jelly (D:5)
  A sleepcap (D:5)
  A gnoll bouda (D:5)
  Terence (D:2)
  Natasha (thrice) (D:2)
  2 gnolls (D:5)
  4 adders
  7 dart slugs
  9 orcs
  7 bats
  2 endoplasms
  2 giant cockroaches
  9 goblins
  3 hobgoblins
  5 kobolds
  3 quokkas
  5 ball pythons
  7 frilled lizards
  6 rats
86 creatures vanquished.

Notes
Turn   | Place    | Note
-------+----------+-------------------------------------------
     0 | D:1      | Gadfly the Troll Monk began the quest for the Orb.
     0 | D:1      | Reached XP level 1. HP: 22/22 MP: 0/0
   165 | D:1      | Reached XP level 2. HP: 29/29 MP: 1/1
   774 | D:1      | Found a faded altar of an unknown god.
   977 | D:2      | Noticed Natasha
   983 | D:2      | Killed Natasha
   984 | D:2      | Reached skill level 1 in Evocations
   984 | D:2      | Reached skill level 1 in Shapeshifting
   984 | D:2      | Reached XP level 3. HP: 36/36 MP: 2/2
  1106 | D:2      | Noticed Terence
  1113 | D:2      | Killed Terence
  1114 | D:2      | Reached XP level 4. HP: 27/44 MP: 3/3
  1676 | D:2      | Identified a scroll of acquirement
  1677 | D:2      | Acquired the ring of the Frog {+Blink rCorr Slay+6}
  1687 | D:2      | Noticed Natasha
  1693 | D:2      | Killed Natasha
  1783 | D:2      | Noticed Natasha
  1791 | D:2      | Killed Natasha
  1792 | D:2      | Reached XP level 5. HP: 32/52 MP: 4/4
  2043 | D:3      | Found a white marble altar of Elyvilon.
  2335 | D:3      | Found a bloodstained altar of Trog.
  2911 | D:4      | Found a shimmering blue altar of Sif Muna.
  2932 | D:4      | Found a staircase to the Ecumenical Temple.
  3025 | D:4      | Found a shadowy altar of Dithmenos.
  3057 | Temple   | Entered the Ecumenical Temple
  3068 | Temple   | Became a worshipper of Ru the Awakened
  3090 | D:4      | Gained mutation: You cannot be stealthy. [Ru sacrifice]
  3127 | D:5      | Entered Level 5 of the Dungeon
  3266 | D:5      | Noticed a centaur
  3276 | D:5      | Killed a centaur
  3277 | D:5      | Reached XP level 6. HP: 50/61 MP: 3/5
  3609 | D:5      | Reached skill level 4 in Unarmed Combat
  3613 | D:5      | Learned a level 2 spell: Blink
  3633 | D:5      | Found Coduch's Neck Hole.
  3640 | D:5      | Bought a scarf of repulsion for 132 gold pieces
  3654 | D:5      | Reached XP level 7. HP: 67/67 MP: 6/6
  3664 | D:5      | Found Cngilase's Commerce Corner.
  3694 | D:5      | Bought a potion of curing for 39 gold pieces
  3765 | D:5      | Noticed Prince Ribbit
  3780 | D:5      | Killed Prince Ribbit
  3935 | D:5      | HP: 2/68 [gnoll/+0 halberd[a gnoll bouda] (9)]
  3935 | D:5      | Slain by a gnoll

Illustrated notes

Levels and vault maps discovered:
D:1:      erik_arrival_blinker_ship, layout_basic,
          ebering_ecumenical_altar_hall, hangedman_abyss_or_decor_stabs
D:2:      layout_loops_ring, uniq_terence, uniq_natasha
D:3:      layout_loops_ring, overflow_temple_1_default,
          nicolae_overflow_hidden_temple
D:4:      layout_rooms, mainiacjoe_overflow_swirl, temple_statues
D:5:      layout_rooms, nicolae_alphabet_shops,
          nicolae_shop_sticking_my_neck_out, uniq_prince_ribbit1
Temple:   bh_familiar_temple

Skill      XL: |  1  2  3  4  5  6  7 |
---------------+----------------------+-----
Evocations     | 1 2 3 |  3.6
Shapeshifting  | 1 2 3 |  3.7
Fighting       | 3 |  3.8
Dodging        | 3 |  3.7
Unarmed Combat | 4 |  4.5

Action                     |  1- 3 |  4- 6 |  7- 9 || total
---------------------------+-------+-------+-------++-------
  Melee: Unarmed           |    57 |    77 |    28 ||   162
         Trident           |       |    19 |       ||    19
 Invoke: Sacrifice Stealth |       |     1 |       ||     1
    Use: Scroll            |     2 |    10 |       ||    12
         Potion            |       |     1 |       ||     1
 Armour: Robe              |    31 |    76 |    28 ||   135
  Dodge: Dodged            |    30 |    58 |    14 ||   102
